 Dungeon Crawl Stone Soup version 0.28.0-43-g3370ac3207 (console) character file.

Game seed: 11075040750196248892

185 123 the Skirmisher (level 5, -2/42 HPs)
             Began as a Human Berserker on Mar 17, 2022.
             Was a Believer of Trog.
             Killed by nerve-wracking pain
             ... invoked by a shadow imp
              (13 damage)
             ... on level 3 of the Dungeon.
             The game lasted 00:23:12 (3217 turns).

123 the Skirmisher (Human Berserker)                Turns: 3217, Time: 00:23:13

Health: -2/42      AC: 11    Str: 19    XL:     5   Next: 96%
Magic:  5/5        EV:  8    Int:  7    God:    Trog [**....]
Gold:   56         SH:  0    Dex: 13    Spells: 4/4 levels left

rFire   . . .      SeeInvis .   d - +1 hand axe (drain)
rCold   . . .      Faith    .   (no shield)
rNeg    . . .      Spirit   .   n - +1 chain mail
rPois   .          Reflect  .   h - +0 helmet
rElec   .          Harm     .   (no cloak)
rCorr   .          Rampage  .   (no gloves)
Will    .....                   (no boots)
Stlth   ..........              (no amulet)
HPRegen 0.14/turn               (no ring)
MPRegen 0.09/turn               (no ring)

@: brilliant, flying
A: no striking features
a: Renounce Religion, Berserk, Trog's Hand


You were on level 3 of the Dungeon.
You worshipped Trog.
Trog was pleased with you.
You visited 1 branch of the dungeon, and saw 3 of its levels.

You collected 56 gold pieces.

Inventory:

Hand Weapons
 a - a +0 short sword
 d - a +1 hand axe of draining (weapon)
 i - a +0 mace
Missiles
 c - 4 poisoned darts
 e - 79 stones (quivered)
 o - 15 bolts
Armour
 b - a +0 animal skin
 f - a +0 ring mail
 h - a +0 helmet (worn)
 n - a +1 chain mail (worn)
Wands
 k - a wand of paralysis (8)
Scrolls
 g - 2 scrolls of identify
 q - a scroll of enchant weapon
Potions
 l - 2 potions of brilliance
 r - a potion of mutation {unknown}
 s - a potion of attraction {unknown}


   Skills:
 + Level 4.0 Fighting
 - Level 3.9(4.2) Short Blades
 + Level 2.0(3.2) Long Blades
 + Level 0.4 Axes
 + Level 3.2 Armour
 - Level 2.3 Dodging


You had 4 spell levels left.
You didn't know any spells.
Your spell library was empty.

Dungeon Overview and Level Annotations

Branches:
Dungeon (3/15)

Altars:

Annotations:
D:3 1 transporter


Message History

It was a potion of brilliance.
You feel clever all of a sudden.
It was a potion of heal wounds.
You feel much better.
There is an open door here.
The shadow imp hits you but does no damage.
The orc priest looks braver for a moment.
The orc priest hits you but does no damage.
You closely miss the orc priest. You hit the shadow imp.
The shadow imp hits you but does no damage.
The orc priest calls down the wrath of Beogh upon you.
Pain shoots through your body!
The orc priest casts a cantrip, but nothing happens.
The shadow imp hits you but does no damage.
You closely miss the orc priest. You completely miss the shadow imp.
The orc priest hits you but does no damage.
The shadow imp hits you but does no damage.
You slash the orc priest!
The orc priest is heavily wounded.
You hit the shadow imp.
The orc priest begins to cast a cantrip, but forgets the words!
The shadow imp completely misses you. The orc priest barely misses you.
You hit the orc priest. You drain the orc priest.
The orc priest is almost dead.
You barely miss the shadow imp.
The shadow imp hits you but does no damage.
The orc priest mumbles some strange prayers to Beogh against you.
Pain shoots through your body!
* * * LOW HITPOINT WARNING * * *
The orc priest hits you with a +0 dagger.
* * * LOW HITPOINT WARNING * * *
You slash the orc priest!
You kill the orc priest!
Trog accepts your kill.
You closely miss the shadow imp. The shadow imp closely misses you.
The shadow imp hits you but does no damage.
Your Fighting skill increases to level 4!
Your base Long Blades skill increases to level 2!
The shadow imp gestures at you. Pain shoots through your body!
You die...

#.# #.#..)................#
#.# #.#..################.#
##.#######.#..# #.#
#........#.#..# #.#
>..#####.#.#..######### #.#
#..##.................# #.#
#..##.###############.# #.#
#..##.#8≈#......5#≈8#.#
####.#
#..##.#P.#≈≈≈≈≈≈≈#.≈#.##
#....#
#.....#$.#..≈≈≈..#..#..##
#.####
#.#..©#©!+..≈⌠≈.@'.©#©..###.#
#.....#$.#..≈≈≈..#..#.......#
#####.#P.#≈≈≈≈≈≈≈#.≈#.#####.#
#.#8≈#.....o5#≈8#.# #.# #
#.###############.# #.# #
#.................# #.# ##
##############.##.# #.# .#
#.##.# #.# .# #.##.# #.# .#
#####.##.#####.# .#
#...........##.#


You could see an orc priest and 2 shadow imps.

Vanquished Creatures
  An orc priest (D:3)
  4 gnolls (D:2)
  4 adders
  A worm (D:3)
  2 dart slugs
  An orc (D:3)
  8 bats
  10 endoplasms
  A giant cockroach (D:1)
  6 goblins
  6 hobgoblins
  8 jackals
  A quokka (D:1)
  2 ball pythons
  3 frilled lizards
  5 kobolds
  8 rats
71 creatures vanquished.

Vanquished Creatures (others)
  4 plants (D:3)
4 creatures vanquished.

Grand Total: 75 creatures vanquished

Notes
Turn   | Place    | Note
-------+----------+-------------------------------------------
     0 | D:1      | 123 the Human Berserker began the quest for the Orb.
     0 | D:1      | Reached XP level 1. HP: 18/18 MP: 1/1
   111 | D:1      | Reached XP level 2. HP: 19/24 MP: 2/2
   843 | D:1      | Reached XP level 3. HP: 29/29 MP: 3/3
   860 | D:1      | Found a faded altar of an unknown god.
  1182 | D:2      | Reached skill level 1 in Long Blades
  1182 | D:2      | Reached XP level 4. HP: 9/35 MP: 4/4
  1498 | D:2      | Reached ** piety under Trog
  1734 | D:2      | Reached XP level 5. HP: 38/42 MP: 5/5
  2338 | D:3      | Found a transporter.
  2411 | D:3      | Found a transporter.
  3205 | D:3      | HP: 1/42 [orc priest/divine providence (12)]
  3216 | D:3      | Reached skill level 4 in Fighting
  3217 | D:3      | Killed from afar by a shadow imp

Illustrated notes

Levels and vault maps discovered:
D:1:      evilmike_arrival_crescent, layout_rooms,
          ebering_ecumenical_altar_sacrificial
D:2:      layout_basic
D:3:      gammafunk_wand_slinger, layout_loops_ring

Skill      XL: |  1  2  3  4  5 |
---------------+----------------+-----
Long Blades    | 1 2 |  2.0
Armour         | 3 |  3.2
Fighting       | 4 |  4.0
Short Blades   | |  3.9
Axes           | |  0.4
Dodging        | |  2.3

Action                   |  1- 3 |  4- 6 || total
-------------------------+-------+-------++-------
Melee: Short sword       |    92 |   165 ||   257
       Punch             |     2 |     3 ||     5
       Hand axe          |       |    11 ||    11
Throw: Stone             |     3 |    33 ||    36
Invok: Berserk           |     2 |       ||     2
       Trog's Hand       |       |     1 ||     1
  Use: Scroll            |       |     5 ||     5
       Potion            |       |     5 ||     5
Armor: Animal skin       |    22 |       ||    22
       Chain mail        |       |    94 ||    94
Dodge: Dodged            |    55 |    65 ||   120
